AoeStats
← chenya_ko

Arabia

509994788Analyzed
1v1 RM · 4d ago on Sep 29, 2026· 52m 37s· 2 players
Game mode
Random Map
Map size
Tiny (2 player)
Population
200
Speed
Normal
Resources
Standard
Victory
Conquest
Starting age
Dark Age
Ending age
Imperial Age
RankedLock teamsTeams togetherTeam positionsShared explorationLock speedFull tech treeHidden civsTurbo modeCheats
Victory
Defeat
🇹🇼 Japanese · Taiwan
1046
+16
🇺🇸 Saxons · United States
1049
-16
chenya_ko
2:00 Loom
9:50 Feudal Age
9:55 Man-at-Arms
10:58 Double-Bit Axe
16:37 Fletching
17:49 Wheelbarrow
23:07 Castle Age
21:30 Horse Collar
21:42 Gold Mining
21:54 Scale Mail Armor
22:05 Forging
22:05 Padded Archer Armor
22:07 Arson
23:09 Long Swordsman
23:35 Gambesons
23:50 Squires
24:40 Iron Casting
24:43 Bow Saw
27:27 Chain Mail Armor
27:19 Stone Mining
29:01 Town Watch
32:41 Hand Cart
36:05 Gold Shaft Mining
40:19 Imperial Age
37:29 Elite Skirmisher
38:07 Bodkin Arrow
38:27 Leather Archer Armor
38:37 Ballistics
40:52 Heavy Plow
40:21 Two-Handed Swordsman
41:43 Plate Mail Armor
42:35 Blast Furnace
43:25 Chemistry
42:28 Bracer
43:45 Champion
46:31 Ring Archer Armor
52:32 Scale Barding Armor
Kandlejack
8:52 Loom
11:50 Feudal Age
12:28 Double-Bit Axe
12:24 Horse Collar
21:25 Castle Age
21:21 Scale Mail Armor
21:31 Forging
21:18 Man-at-Arms
23:43 Gambesons
28:54 Chain Mail Armor
28:01 Long Swordsman
30:49 Wheelbarrow
31:24 Bow Saw
34:10 Imperial Age
39:03 Imperial Age
39:53 Two-Handed Swordsman
42:22 Plate Mail Armor
45:50 Shield Wall
49:27 Champion
Connection lost

Rejoining the realm…

Still unreachable

The connection could not be restored.

Session expired

The server has moved on; the page needs a fresh start.